 Dungeon Crawl Stone Soup version 0.29.1-15-g9cfb28693d (webtiles) character file.

Game seed: 11386884716473082108

89 StoopidFlanders the Prestidigitator (level 4, 0/33 (34) HPs)
             Began as a Gnoll Wanderer on Apr 1, 2023.
             Slain by an iguana (5 damage)
             ... on level 4 of the Dungeon.
             The game lasted 00:06:07 (3379 turns).

StoopidFlanders the Prestidigitator (GnWn)          Turns: 3379, Time: 00:06:07

HP:   0/33 (34)     AC:  6    Str: 17 (19) XL:     4   Next: 55%
MP:   8/8           EV: 10    Int:  7 (8)  God:
Gold: 181           SH:  0    Dex:  7 (9)  Spells: 9/9 levels left

rFire   + . .      SeeInvis .   m - +0 long sword
rCold   . . .      Faith    .   (no shield)
rNeg    . . .      Spirit   .   o - +0 ring mail {rF+}
rPois   .          Reflect  .   (no helmet)
rElec   .          Harm     .   (no cloak)
rCorr   .          Rampage  .   (no gloves)
Will    .....                   (no boots)
Stlth   +.........              (no amulet)
HPRegen 0.11/turn               (no ring)
MPRegen 0.11/turn               (no ring)

@: about to teleport, lightly drained
A: fangs 1, strong nose, distributed training
a: no special abilities


You were on level 4 of the Dungeon.
You visited 1 branch of the dungeon, and saw 4 of its levels.

You collected 181 gold pieces.

Inventory:

Hand Weapons
 m - a +0 long sword (weapon)
Armour
 o - a +0 ring mail of fire resistance (worn)
Scrolls
 e - 2 scrolls of enchant armour
 f - 5 scrolls of identify
 g - a scroll of poison
 h - a scroll of butterflies
 i - a scroll of magic mapping {unknown}
 l - a scroll of blinking
 n - a scroll of immolation {unknown}
Potions
 c - 2 potions of attraction
Miscellaneous
 d - a box of beasts (quivered)


   Skills:
 + Level 2.8 Fighting
 + Level 1.2 Short Blades
 + Level 1.2 Long Blades
 + Level 1.2 Axes
 + Level 1.2 Maces & Flails
 + Level 1.2 Polearms
 + Level 1.2 Staves
 + Level 1.2 Ranged Weapons
 + Level 1.2 Throwing
 + Level 4.7 Armour
 + Level 1.2 Dodging
 + Level 2.6 Stealth
 + Level 1.2 Shields
 + Level 1.2 Unarmed Combat
 + Level 3.0 Spellcasting
 + Level 1.0 Conjurations
 + Level 1.0 Hexes
 + Level 1.0 Summonings
 + Level 1.0 Necromancy
 + Level 1.0 Translocations
 + Level 2.3 Transmutations
 + Level 1.0 Fire Magic
 + Level 1.0 Ice Magic
 + Level 1.0 Air Magic
 + Level 1.0 Earth Magic
 + Level 1.0 Poison Magic
 + Level 1.3 Invocations
 + Level 8.6 Evocations


You had 9 spell levels left.
You didn't know any spells.
Your spell library contained the following spells:

 Spells                   Type           Power      Damage    Failure   Level
 Wereblood                Tmut           4%         N/A       34%         2
 Passwall                 Tmut/Erth      2%         N/A       41%         2


Dungeon Overview and Level Annotations

Branches:
Dungeon (4/15)
 Temple: D:4-7

Altars:
Vehumet

Annotations:
D:2 Terence


Innate Abilities, Weirdness & Mutations

You have very sharp teeth.
Your uncanny sense of smell can sniff out nearby items.
Your experience applies equally to all skills.


Message History

The hound bites you but does no damage. The hound bites you.
You barely miss the hound.
The hound is almost dead.
The hound barely misses you. The hound bites you.
You closely miss the hound.
The hound is almost dead.
The hound completely misses you. The hound bites you.
You slash the hound!
You kill the hound!
You feel your strength returning.
Your Spellcasting skill increases to level 3!
Your Conjurations skill increases to level 1!
Your Hexes skill increases to level 1!
Your Summonings skill increases to level 1!
Your Necromancy skill increases to level 1!
Your Translocations skill increases to level 1!
Your Fire Magic skill increases to level 1!
Your Ice Magic skill increases to level 1!
Your Air Magic skill increases to level 1!
Your Earth Magic skill increases to level 1!
Your Poison Magic skill increases to level 1!
You start resting.
An iguana comes into view.
The iguana hisses angrily.
You hit the iguana. Your bite misses the iguana.
The iguana is lightly wounded.
The iguana bites you but does no damage.
You barely miss the iguana.
The iguana is lightly wounded.
The iguana bites you.
You hit the iguana but do no damage.
The iguana is lightly wounded.
The iguana bites you.
You hit the iguana but do no damage.
The iguana is lightly wounded.
The iguana barely misses you. The iguana bites you!
* * * LOW HITPOINT WARNING * * *
As you read the scroll of teleportation, it crumbles to dust.
You feel strangely unstable. The iguana bites you.
You die...

#........ ∆ #......... 8
#.......... #.
#........... #8.
#....$....... ##>#
#.............
..#########..............
.........................
..........@..............
..........l.......)......
.........................
.........................
.........................
.................<.......
.........................
.........................
...........[.............


You could see an iguana.

Vanquished Creatures
  A hound (D:4)
  An adder (D:3)
  A dart slug (D:3)
  2 orcs (D:3)
  3 endoplasms
  2 giant cockroaches (D:1)
  4 hobgoblins
  4 jackals (D:3)
  A quokka (D:3)
  5 ball pythons
  5 bats
  6 frilled lizards
  3 goblins (D:3)
  A kobold (D:1)
  4 rats
43 creatures vanquished.

Vanquished Creatures (collateral kills)
  2 jackals (D:1)
2 creatures vanquished.

Grand Total: 45 creatures vanquished

Notes
Turn   | Place    | Note
-------+----------+-------------------------------------------
     0 | D:1      | StoopidFlanders the Gnoll Wanderer began the quest for the
                  | Orb.
     0 | D:1      | StoopidFlanders set off with the following items: a +0
                  | club, a +0 scale mail, a potion of attraction, a box of
                  | beasts; and the following spells available to memorise:
                  | Wereblood, Passwall.
     0 | D:1      | Reached XP level 1. HP: 17/17 MP: 4/4
   157 | D:1      | Found a faded altar of an unknown god.
   383 | D:1      | Reached XP level 2. HP: 23/23 MP: 5/5
  1152 | D:2      | Noticed Terence
  1813 | D:3      | Reached XP level 3. HP: 20/28 MP: 7/7
  1993 | D:3      | Reached skill level 1 in Invocations
  2346 | D:3      | Found a radiant altar of Vehumet.
  2388 | D:3      | Reached skill level 1 in Short Blades
  2388 | D:3      | Reached skill level 1 in Long Blades
  2388 | D:3      | Reached skill level 1 in Axes
  2388 | D:3      | Reached skill level 1 in Maces & Flails
  2388 | D:3      | Reached skill level 1 in Polearms
  2388 | D:3      | Reached skill level 1 in Staves
  2388 | D:3      | Reached skill level 1 in Ranged Weapons
  2388 | D:3      | Reached skill level 1 in Throwing
  2388 | D:3      | Reached skill level 1 in Dodging
  2388 | D:3      | Reached skill level 1 in Shields
  2388 | D:3      | Reached skill level 1 in Unarmed Combat
  2804 | D:4      | Noticed a necrophage
  2989 | D:3      | Reached XP level 4. HP: 28/33 MP: 8/8
  3348 | D:4      | Reached skill level 1 in Conjurations
  3348 | D:4      | Reached skill level 1 in Hexes
  3348 | D:4      | Reached skill level 1 in Summonings
  3348 | D:4      | Reached skill level 1 in Necromancy
  3348 | D:4      | Reached skill level 1 in Translocations
  3348 | D:4      | Reached skill level 1 in Fire Magic
  3348 | D:4      | Reached skill level 1 in Ice Magic
  3348 | D:4      | Reached skill level 1 in Air Magic
  3348 | D:4      | Reached skill level 1 in Earth Magic
  3348 | D:4      | Reached skill level 1 in Poison Magic
  3379 | D:4      | Slain by an iguana

Illustrated notes

Levels and vault maps discovered:
D:1:      minmay_arrival_doors, layout_loops_cross,
          dreamdust_ecumenical_altar_hidden_monk_grotto
D:2:      layout_rooms, uniq_terence
D:3:      layout_loops_ring, nicolae_vehumet_altar_sigil, item_on_display_a
D:4:      layout_basic, nicolae_overflow_hidden_temple, serial_shops, shop,
          nicolae_zen_rock_garden, chequers_arboretum, uniq_sigmund

Skill      XL: |  1  2  3  4 |
---------------+-------------+-----
Transmutations | 2 |  2.3
Invocations    | 1 |  1.3
Short Blades   | 1 |  1.2
Long Blades    | 1 |  1.2
Axes           | 1 |  1.2
Maces & Flails | 1 |  1.2
Polearms       | 1 |  1.2
Staves         | 1 |  1.2
Ranged Weapons | 1 |  1.2
Throwing       | 1 |  1.2
Dodging        | 1 |  1.2
Shields        | 1 |  1.2
Unarmed Combat | 1 |  1.2
Spellcasting   | 3 |  3.0
Conjurations   | 1 |  1.0
Hexes          | 1 |  1.0
Summonings     | 1 |  1.0
Necromancy     | 1 |  1.0
Translocations | 1 |  1.0
Fire Magic     | 1 |  1.0
Ice Magic      | 1 |  1.0
Air Magic      | 1 |  1.0
Earth Magic    | 1 |  1.0
Poison Magic   | 1 |  1.0
Fighting       | |  2.8
Armour         | |  4.7
Stealth        | |  2.6
Evocations     | |  8.6

Action                   |  1- 3 |  4- 6 || total
-------------------------+-------+-------++-------
Melee: Club              |   109 |       ||   109
       Bite              |    15 |       ||    15
       Punch             |     1 |       ||     1
       Long sword        |    32 |    33 ||    65
       Trident           |    20 |       ||    20
Evoke: Box of beasts     |     1 |       ||     1
  Use: Scroll            |     6 |     2 ||     8
       Potion            |     2 |     2 ||     4
Armor: Scale mail        |    94 |       ||    94
       Ring mail         |    28 |    11 ||    39
Dodge: Dodged            |   131 |    29 ||   160
